Unix NetHack Version 3.7.0-90 Work-in-progress - last build Dec 4 2023 15:25:40 (a4ad6ea61a8c493010e15c9251bbb19a34919cb7,branch:master). Game began 2023-12-08 00:27:15, ended 2024-03-01 16:45:18. finitelycraig, neutral female human Wizard ------- |.....| ---.| ------- ------- |.|.|.| ....| |.....|-----------------------------------------------|.....| |.|.|.| ....| |.....-......................[%%.)....................-.....| |.|.--- ....|}-----------------------------|-------------------------------}|.|*..| .....}}}}}}|%%%%%%%+.-)))))))|......................|........|}}}}}}|.|--%| ..........}|%%%%%% |.|)))))))|...)).[....|..........|.)......|}.....|0|...| .......(..}|--------|--------|..)..).....|----------|........|}.....| .|.| ...........-^..........^.[%^[-....).................-../.{....}.....| |.| .0..|....%}|--------)--------|....)..)[..|----------|........|}.....|.---.| ....|.....}|*******|.|...[..[|....@......|..........|....%...|}......^|...| |.....|}}}}}}|*******-.-[[.[.[1|....).)....-..........|........|}}}}}}-.|.--- |.... |}-----------------------------_-------------------------------}|.|.|.| |.|. |}|.....-.)....)...).))).))...[)[[))).................[.-..(..|}|.|.|<| |.| |}|.....|-----------------------------------------------|..(..|}|h|^|.| |.----|}-------}}}}}}}}}}}}}}}}}}}}}}}}}}}}}}}}}}}}}}}}}}}}}}}-------}|.|.|.| |....0|}}}}}}}}}................4.......13...................}}}}}}}}}|.....| ------ --------------------------------------------------------------- ------ Finitelycraig the Enchantress St:25 Dx:16 Co:18 In:16 Wi:18 Ch:12 Neutral Dlvl:29 $:0 HP:248(248) Pw:185(185) AC:-22 Xp:15/161900 T:45515 Burdened Fly Latest messages: In what direction? The spell misses the gremlin. In what direction? The spell misses it. In what direction? The spell hits the gremlin! The gremlin resists! You are beginning to feel hungry. In what direction? The spell hits the gremlin! PureEvil drops a pair of low boots. PureEvil drops a helmet. PureEvil picks up a helmet. In what direction? The spell misses it. In what direction? The spell misses the gremlin. PureEvil picks up a pair of low boots. In what direction? The spell misses the gremlin. In what direction? The spell misses the gremlin. In what direction? The spell hits it. You kill it! You hear something shatter! PureEvil drops a pair of low boots. PureEvil drops a helmet. PureEvil picks up a helmet. You fly over a trap door. PureEvil picks up a pair of leather gloves. There are many objects here. You have a little trouble lifting v - 5 C-rations. What do you want to eat? [vF or ?*] This C-ration is bland. What do you want to eat? [vF or ?*] This C-ration is bland. What do you want to use or apply? [bchikltwyPRSY or ?*] Restoring save file... Hello finitelycraig, the human Wizard, welcome back to NetHack! Your movements are slowed slightly because of your load. You see no objects here. Really save? [yn] (n) Saving... Restoring save file... Hello finitelycraig, the human Wizard, welcome back to NetHack! Your movements are slowed slightly because of your load. What do you want to use or apply? [bchikltwyPRSY or ?*] You see no objects here. # Inventory: Amulets ('"') D - an uncursed amulet of flying (being worn) Q - the blessed Eye of the Aethiopica Weapons (')') a - the uncursed rustproof +3 Magicbane (weapon in right hand) Armor ('[') X - an uncursed thoroughly corroded +0 orcish helm (being worn) A - a blessed +1 pair of gauntlets of power (being worn) B - an uncursed rotted +0 pair of speed boots e - an uncursed -1 pair of water walking boots (being worn) C - a blessed very burnt +5 robe (being worn) T - a blessed +4 Hawaiian shirt with a flamingo motif (being worn) d - a blessed greased +5 silver dragon scale mail (being worn) Comestibles ('%') v - 3 uncursed C-rations F - an uncursed lizard corpse Rings ('=') u - an uncursed +2 ring of increase damage (on right hand) r - an uncursed ring of regeneration (on left hand) Wands ('/') Y - an uncursed wand of cancellation (0:6) P - an uncursed wand of death (0:4) c - an uncursed wand of digging (0:5) l - an uncursed wand of light (0:14) i - an uncursed wand of make invisible (0:6) Tools ('(') b - a blessed greased bag of holding containing 148 items y - an empty uncursed greased sack S - an uncursed bag of tricks (0:3) R - the uncursed Bell of Opening (0:3) w - an uncursed magic whistle k - an uncursed skeleton key named pois|cold|fire|firm|sleep t - an uncursed towel h - a blessed +0 unicorn horn Gems/Stones ('*') q - an uncursed fluorite stone g - a blessed luckstone Contents of the bag of holding: an uncursed amulet of life saving an uncursed amulet of reflection an uncursed cheap plastic imitation of the Amulet of Yendor an uncursed +0 silver saber an uncursed +0 pair of leather gloves an uncursed +0 shield of reflection an uncursed very burnt +0 cloak of magic resistance an uncursed +0 robe 8 uncursed haggis 5 uncursed C-rations an uncursed clove of garlic an uncursed eucalyptus leaf an uncursed food ration 3 uncursed K-rations an uncursed lembas wafer an uncursed orange 2 uncursed giant ant eggs an uncursed lizard corpse 6 blessed scrolls of blank paper 3 cursed scrolls of blank paper 2 blessed scrolls of charging an uncursed scroll of confuse monster 4 uncursed scrolls of create monster a blessed scroll of destroy armor 2 uncursed scrolls of destroy armor a cursed scroll of destroy armor an uncursed scroll of earth 2 uncursed scrolls of enchant weapon an uncursed scroll of fire a blessed scroll of gold detection an uncursed scroll of gold detection a blessed scroll of identify an uncursed scroll of identify a blessed scroll of light an uncursed scroll of light an uncursed scroll of magic mapping an uncursed scroll of remove curse 2 uncursed scrolls of scare monster an uncursed scroll of taming 7 uncursed scrolls of teleportation 2 cursed scrolls of teleportation an uncursed spellbook of cause fear an uncursed spellbook of cure blindness an uncursed spellbook of cure sickness an uncursed spellbook of detect food an uncursed spellbook of detect monsters an uncursed spellbook of detect monsters an uncursed spellbook of dig a blessed spellbook of extra healing a blessed spellbook of fireball a blessed spellbook of force bolt an uncursed spellbook of healing a blessed spellbook of identify an uncursed spellbook of jumping an uncursed spellbook of knock an uncursed spellbook of light a blessed spellbook of restore ability an uncursed spellbook of sleep an uncursed spellbook of stone to flesh a blessed spellbook of wizard lock a blessed potion of full healing 2 uncursed potions of full healing an uncursed potion of gain ability 3 uncursed potions of gain energy a cursed potion of gain energy an uncursed potion of hallucination 5 uncursed potions of healing a cursed potion of healing an uncursed potion of invisibility an uncursed potion of oil a blessed potion of restore ability 2 uncursed potions of restore ability an uncursed potion of speed 18 potions of holy water 9 uncursed potions of water 2 potions of unholy water an uncursed +1 ring of adornment an uncursed ring of cold resistance a blessed +1 ring of gain constitution an uncursed -1 ring of gain constitution a cursed -1 ring of gain strength an uncursed ring of invisibility an uncursed ring of invisibility a cursed ring of invisibility an uncursed ring of poison resistance an uncursed ring of polymorph an uncursed ring of polymorph control a cursed ring of protection from shape changers an uncursed ring of sustain ability an uncursed ring of teleportation an uncursed ring of warning an uncursed wand of cold (0:5) an uncursed wand of cold (0:5) an uncursed wand of cold (0:4) an uncursed wand of create monster (0:9) an uncursed wand of death (0:6) an uncursed wand of digging (0:8) an uncursed wand of digging (0:8) an uncursed wand of digging (0:7) an uncursed wand of digging (0:4) an uncursed wand of digging (0:4) an uncursed wand of digging (0:4) an uncursed wand of digging (0:3) an uncursed wand of digging (0:0) an uncursed wand of light (0:14) an uncursed wand of light (0:12) an uncursed wand of light (0:11) an uncursed wand of lightning (0:0) an uncursed wand of lightning (0:0) an uncursed wand of locking (0:7) an uncursed wand of magic missile (0:8) an uncursed wand of magic missile (0:5) an uncursed wand of magic missile (0:5) an uncursed wand of magic missile (0:4) an uncursed wand of magic missile (0:1) an uncursed wand of opening (0:4) an uncursed wand of polymorph (0:6) an uncursed wand of secret door detection (0:12) an uncursed wand of secret door detection (0:11) an uncursed wand of sleep (0:5) an uncursed wand of sleep (0:5) an uncursed wand of sleep (0:1) an uncursed wand of slow monster (0:5) a blessed wand of speed monster (0:6) an uncursed wand of speed monster (0:4) an uncursed wand of speed monster (0:2) a blessed wand of striking (0:1) an uncursed wand of striking (0:8) an uncursed wand of striking (0:7) an uncursed wand of striking (0:7) an uncursed wand of striking (0:6) an uncursed wand of striking (0:6) an uncursed wand of striking (0:5) an uncursed wand of striking (0:5) an uncursed wand of striking (0:4) an uncursed wand of striking (0:4) an uncursed wand of striking (0:4) an uncursed wand of striking (0:4) an uncursed wand of striking (0:3) an uncursed wand of teleportation (0:2) an uncursed wand of wishing (0:0) an uncursed drum of earthquake (0:4) an uncursed can of grease (0:11) an uncursed magic marker (0:63) an uncursed magic marker (1:5) an uncursed stethoscope 2 uncursed opals an uncursed ruby Finitelycraig the Wizard's attributes: Background: You were an Enchantress, a level 15 female human Wizard. You were neutral, on a mission for Thoth who was opposed by Ptah (lawful) and Anhur (chaotic). You were right-handed. You were in the Dungeons of Doom, on level 29. You entered the dungeon 45515 turns ago. You had 161900 experience points, 158100 more were needed to attain level 16. Basics: You had all 248 hit points. You had all 185 energy points (spell power). Your armor class was -22. Your wallet was empty. Autopickup was off. Final Characteristics: Your strength was 25 (base:18/12, innate limit:18/100). Your dexterity was 16 (peak:17, limit:18). Your constitution was 18 (limit:18). Your intelligence was 16 (limit:18). Your wisdom was 18 (limit:18). Your charisma was 12 (limit:18). Final Status: You were flying. You weren't hungry. You were burdened; movement was slightly slowed. You were wielding a dagger. You were skilled in dagger and could have enhanced that. Final Attributes: You were piously aligned. You were magic-protected. You were fire resistant. You were sleep resistant. You were disintegration resistant. You were poison resistant. You were telepathic. You were warned. You could walk on water. You regenerated. You had a small damage bonus (+2). You had a moderate defense bonus (+7). You were guarded. You took half spell damage. You had reflection. You were lucky. You had extra luck. Good luck did not time out for you. You survived. Miscellaneous: You disabled loading of bones levels. Total elapsed playing time was 16 hours, 14 minutes and 51 seconds. Major events: Turn 1: finitelycraig the neutral female human Wizard entered the dungeon 1705: attained the rank of Conjurer (level 3) 1822: entered the Gnomish Mines 4986: attained the rank of Thaumaturge (level 6) 8055: entered Sokoban 11463: was bestowed with Magicbane by Thoth 12409: reached Mine Town 13055: Izchak, the lighting store proprietor, has been killed 13433: made her first wish - "blessed greased +3 silver dragon scale mail", got "a greased silver dragon scale mail" 13843: the Oracle has been killed 14363: completed 1st Sokoban level 15439: completed 2nd Sokoban level 16218: completed 3rd Sokoban level 17514: attained the rank of Magician (level 10) 17675: completed 4th Sokoban level 17785: acquired the Sokoban amulet of reflection 19005: Wonotobo, the general store proprietrix, has been killed 20979: Linzhi, the health food store proprietrix, has been killed 23154: acquired the Mines' End luckstone 28379: performed her first genocide (shocking spheres) 28384: wished for "blessed greased bag of holding", got "a greased bag" 30971: Akranes, the general store proprietrix, has been killed 31855: Carignan, the antique weapons outlet proprietor, has been killed 31950: Makharadze, the used armor dealership proprietor, has been killed 33316: killed Medusa 36939: entered Gehennom 38748: genocided class h 41203: wished for "3 blessed scrolls of charging", got "3 scrolls labeled JUYED AWK YACC" 41262: genocided class L 41297: wished for "uncursed magic marker", got "a magic marker" 41302: attained the rank of Enchantress (level 14) 43299: killed the Dark One 43299: found the Eye of the Aethiopica carried by a monster 43301: acquired the Bell of Opening 45515: quit Vanquished creatures: Medusa an iron golem a balrog a gold dragon 2 red dragons a white dragon 2 orange dragons 2 black dragons a green dragon the Dark One 2 baluchitheria 2 demiliches a master mind flayer an Olog-hai 3 Nazgul a pit fiend 2 trappers a baby gold dragon a guardian naga a genetic engineer a disenchanter 6 vampire leaders 6 shopkeepers the Oracle 2 aligned clerics 2 captains 2 liches 2 water trolls a clay golem 2 nurses 2 lurkers above an Aleax a frost giant an ettin 2 golden nagas 7 black puddings 12 vampires 5 lieutenants a watch captain 22 ghosts a queen bee 3 mind flayers 3 giant mimics 3 zruties a fire giant 4 ogre tyrants 3 ice trolls 6 rock trolls 2 umber hulks a flesh golem 2 elven monarchs a hezrou 5 large mimics 2 wumpuses a couatl 7 stalkers an earth elemental a water elemental 2 hill giants 2 giant mummies 2 black nagas 12 xorns 7 giant zombies an elf-noble 10 sergeants a water demon a barbed devil 8 wargs a winter wolf 12 small mimics 5 warhorses 7 xans 2 ettin mummies 5 ogre leaders 2 quantum mechanics 13 trolls 2 sasquatches 2 wood golems 3 erinyes a marilith 4 sharks a gelatinous cube 4 pyrolisks 3 large dogs 2 freezing spheres 2 flaming spheres a shocking sphere 3 large cats 5 tigers 4 dwarf rulers 13 tengu 4 ochre jellies 2 leocrottas an energy vortex 2 mountain centaurs 3 stone giants 4 elf mummies 8 human mummies a red naga 2 pythons a pit viper 4 cobras 35 wraiths 4 carnivorous apes 9 ettin zombies 2 leather golems 4 Grey-elves 57 soldiers 4 watchmen 2 amorous demons 5 chameleons 11 giant beetles 5 quivering blobs 9 cockatrices 6 wolves 10 winter wolf cubs 2 lynxes a panther 5 gremlins a spotted jelly 9 leprechauns 6 orc-captains 5 iron piercers a mumak 15 giant spiders 3 scorpions 4 horses 5 black lights 58 vampire bats 5 forest centaurs 14 gnome rulers 2 orc mummies 2 dwarf mummies 8 ogres 2 brown puddings 5 rust monsters an owlbear 3 yetis 2 gold golems 3 werewolves a Green-elf 4 giant eels 8 lizards 3 chickatrices 5 dingoes 2 dogs a housecat 5 jaguars 8 dwarf leaders 5 blue jellies 3 white unicorns 3 black unicorns 4 dust vortices 14 ravens 5 plains centaurs 5 gnome mummies 3 snakes 6 apes 4 human zombies a rope golem 3 Woodland-elves 12 soldier ants 8 fire ants 26 bugbears 2 imps 6 quasits 4 wood nymphs 5 water nymphs 5 mountain nymphs 11 Mordor orcs 18 Uruk-hai 3 orc shamans 5 rock piercers 5 rock moles 4 ponies 7 fog clouds 8 yellow lights 4 shriekers 5 violet fungi 24 gnome leaders 16 gnomish wizards 2 kobold mummies a red naga hatchling a black naga hatchling 5 gray oozes 2 barrow wights 17 elf zombies 12 ghouls a straw golem a baby crocodile 11 giant ants 2 little dogs 13 floating eyes 2 kittens 21 dwarves 8 homunculi 4 kobold leaders 5 kobold shamans 17 hill orcs 18 rothes 2 rabid rats 3 centipedes 8 giant bats 7 monkeys 12 orc zombies 7 dwarf zombies 3 wererats 15 iguanas 44 killer bees 5 acid blobs 4 coyotes a gas spore 5 hobbits 27 manes 2 large kobolds 39 hobgoblins 13 giant rats 6 cave spiders a brown mold 5 yellow molds 4 red molds 74 gnomes a garter snake 12 gnome zombies 8 geckos 16 jackals 3 foxes 4 kobolds 16 goblins 8 sewer rats 9 grid bugs 10 bats 11 lichens 9 kobold zombies 18 newts 1480 creatures vanquished. Genocided or extinct species: arch-liches master liches demiliches master mind flayers liches mind flayers erinyes (extinct) shocking spheres dwarf rulers dwarf leaders bugbears dwarves hobbits 12 species genocided. 1 species extinct. Voluntary challenges: You read items or engraved 62 times. You never engraved Elbereth. You genocided 12 types of monsters. You never changed form. You used 4 wishes. You did not wish for any artifacts. You did not violate any of the special Sokoban rules. Achievements: You entered a shop. You attained the rank of Conjurer. You entered the Gnomish Mines. You attained the rank of Thaumaturge. You entered a temple. You entered Sokoban. You entered Minetown. You attained the rank of Magician. You completed Sokoban. You completed the Gnomish Mines. You defeated Medusa. You entered Gehennom. You attained the rank of Enchantress. You had the Bell of Opening. The Dungeons of Doom: levels 1 to 29 Level 1: A sink. Level 2: A fountain. Level 3: An untended shop. Level 4: Stairs down to The Gnomish Mines. Level 5: Level 6: Level 7: "vault" An altar to Thoth, a fountain. Level 8: Many fountains. Level 9: A temple and an altar to Thoth. Stairs up to Sokoban, level 8. Level 10: A fountain. Level 11: "vault" A fountain. Level 12: Level 13: An altar to Thoth, a fountain. Level 14: A temple and an altar, a sink. Level 15: Portal to The Quest. Level 16: Some altars, a fountain. Level 17: A primitive area. Level 18: Many fountains, a sink. Level 19: Many fountains. Level 20: An untended shop. Level 21: A fountain. Level 22: Level 23: Some shops. Level 24: Level 25: A grave. Level 26: Level 27: A sink. Level 28: Level 29: <- You were here. A fountain. The castle. Connection to Gehennom. Gehennom: Level 30: A temple and an altar, many graves. Valley of the Dead. The Gnomish Mines: levels 5 to 13 Level 5: Level 6: Level 7: Many shops, a temple and an altar, some fountains, a sink. Level 8: Level 9: Level 10: Level 11: Level 12: Level 13: The Quest: levels 1 to 5 Level 1: A throne. Completed quest for Neferet the Green. Level 2: Level 3: Level 4: Level 5: A temple and an altar. Sokoban: levels 8 up to 5 Level 5: Solved. Level 6: Solved. Level 7: Solved. Level 8: Solved. Goodbye finitelycraig the Wizard... You quit in The Dungeons of Doom on dungeon level 29 with 380034 points, and 0 pieces of gold, after 45515 moves. You were level 15 with a maximum of 248 hit points when you quit.